 Dungeon Crawl Stone Soup version 0.28.0-53-g5a82cb258f (webtiles) character file.

Game seed: 5395001036553631198

83 Gabide the Ducker (level 4, -1/29 HPs)
             Began as a Tengu Monk on June 17, 2022.
             Slain by a gnoll
             ... wielding a +0 halberd
              (13 damage)
             ... on level 2 of the Dungeon.
             The game lasted 00:03:15 (2029 turns).

Gabide the Ducker (Tengu Monk)                      Turns: 2029, Time: 00:03:15

Health: -1/29      AC:  5    Str: 11    XL:     4   Next: 44%
Magic:  5/5        EV: 12    Int: 11    God:
Gold:   51         SH:  0    Dex: 18    Spells: 3/3 levels left

rFire   . . .      SeeInvis .   p - +6 falchion of Laetix {vorpal, Will+++ rCorr}
rCold   . . .      Faith    .   (no shield)
rNeg    . . .      Spirit   .   i - +0 ring mail
rPois   .          Reflect  .   (helmet restricted)
rElec   .          Harm     .   (no cloak)
rCorr   +          Rampage  .   (no gloves)
Will    +++..                   (boots unavailable)
Stlth   ++........              (no amulet)
HPRegen 0.09/turn               k - ring of wizardry
MPRegen 0.09/turn               d - ring of resist corrosion

@: no status effects
A: beak, talons 3
a: no special abilities


You were on level 2 of the Dungeon.
You visited 1 branch of the dungeon, and saw 3 of its levels.

You collected 51 gold pieces.

Inventory:

Hand Weapons
 a - a +0 trident
 p - the +6 falchion of Laetix (weapon) {vorpal, Will+++ rCorr}
   (You found it on level 2 of the Dungeon)

   It inflicts extra damage upon your enemies.
   rCorr:     It protects you from acid and corrosion.
   Will:      It greatly increases your willpower.
Missiles
 c - 6 boomerangs (quivered)
Armour
 b - a +0 robe
 i - a +0 ring mail (worn)
Jewellery
 d - a ring of resist corrosion (right hand)
 k - a ring of wizardry (left hand)
Scrolls
 e - 3 scrolls of blinking
 h - a scroll of vulnerability
 j - a scroll of fog
 l - a scroll of torment {unknown}
 m - a scroll of enchant weapon {unknown}
 n - a scroll of fear {unknown}
Potions
 f - a potion of brilliance
 g - a potion of mutation
 o - a potion of haste {unknown}


   Skills:
 + Level 3.8 Fighting
 + Level 4.1 Polearms
 + Level 4.2 Dodging
 - Level 2.0 Stealth


You had 3 spell levels left.
You didn't know any spells.
Your spell library contained the following spells:

 Spells                   Type           Power      Damage    Failure   Level
 Beastly Appendage        Tmut           0%         N/A       32%         1
 Wereblood                Tmut           0%         N/A       45%         2
 Spider Form              Tmut/Pois      0%         N/A       67%         3


Dungeon Overview and Level Annotations

Branches:
Dungeon (3/15)

Altars:

Shops:
D:1 (   D:2 :


Innate Abilities, Weirdness & Mutations

You have a beak for a mouth.
You have claws for feet.


Message History

p - the +6 falchion of Laetix {vorpal, Will+++ rCorr}
p - the +6 falchion of Laetix (weapon)
{vorpal, Will+++ rCorr} You see here a +0 ring mail.
There is an open door here.
The gnoll shouts!
You hear a shout! x2
The gnoll shouts!
You see here a +0 club.
The gnoll shouts!
The gnoll hits you with a +0 spear!
You hit the gnoll.
The gnoll is moderately wounded.
The gnoll hits you with a +0 spear. x2
You hit the gnoll. You peck the gnoll, but do no damage.
The gnoll is heavily wounded.
The gnoll hits you from afar with a +0 spear.
The gnoll hits you with a +0 spear.
You are too injured to fight recklessly!
You are too injured to fight recklessly!
You are too injured to fight recklessly!
You are too injured to fight recklessly!
You are too injured to fight recklessly!
You are too injured to fight recklessly!
You are too injured to fight recklessly!
You are too injured to fight recklessly!
You are too injured to fight recklessly!
You are too injured to fight recklessly!
You are too injured to fight recklessly!
You are too injured to fight recklessly!
You are too injured to fight recklessly!
You are too injured to fight recklessly!
You are too injured to fight recklessly!
You are too injured to fight recklessly!
You are too injured to fight recklessly!
You are too injured to fight recklessly!
You slash the gnoll!
You kill the gnoll!
The gnoll barely misses you. x2
You closely miss the gnoll. The gnoll barely misses you.
The gnoll hits you from afar with a +0 halberd!
You die...

#.# #........
#.......... #.#
#........ #..........
#.#####........
#..........
#.....'........
#..........
#######..g...g.
#....(..... #)g..g...
#..........
#)##############......
#.######.......#....##
#.ggg@.'.......'.....#
########.......#.....#
#.......#.....#
#.......#.....#
#.......#....##
#[...........##
#...8.8......#.
#..8.8.8.#####.
#...8_8..## #.


You could see 3 gnolls.

Vanquished Creatures
  A gnoll (D:2)
  4 orcs (D:3)
  8 ball pythons
  2 endoplasms
  5 giant cockroaches
  7 goblins
  6 hobgoblins
  10 jackals
  3 quokkas
  5 bats
  3 frilled lizards
  3 kobolds
  4 rats (D:2)
61 creatures vanquished.

Notes
Turn   | Place    | Note
-------+----------+-------------------------------------------
     0 | D:1      | Gabide the Tengu Monk began the quest for the Orb.
     0 | D:1      | Reached XP level 1. HP: 14/14 MP: 2/2
    52 | D:1      | Reached XP level 2. HP: 17/19 MP: 3/3
   226 | D:1      | Found Bogac's Weapon Shoppe.
   517 | D:1      | Reached XP level 3. HP: 23/23 MP: 4/4
   724 | D:2      | You fall into a shaft and drop 1 floor!
  1300 | D:2      | Found a faded altar of an unknown god.
  1360 | D:2      | Reached XP level 4. HP: 28/28 MP: 5/5
  1728 | D:2      | Found Sapehiph's Book Emporium.
  1994 | D:2      | Identified the +6 falchion of Laetix {vorpal, Will+++
                  | rCorr}
  2029 | D:2      | Slain by a gnoll

Illustrated notes

Levels and vault maps discovered:
D:1:      lemuel_arrival_behind_the_door_small, layout_rooms, serial_shops,
          nicolae_shop_bloodbath_and_beyond, minmay_liquid_box
D:2:      layout_basic, chequers_ecumenical_altar_simple_redux, serial_shops,
          shop
D:3:      minmay_door_path, layout_loops_cross, serial_aquarium,
          aquarium_bridge_long_separate [aquarium_subvault_wall,
          aquarium_subvault_bridge, aquarium_subvault_bridge,
          aquarium_subvault_bridge, aquarium_subvault_bridge,
          aquarium_subvault_wall], aquarium_window_2, aquarium_window_fake,
          aquarium_window_fake, aquarium_view_2a, aquarium_view_2a

Skill      XL: |  1  2  3 |
---------------+----------+-----
Dodging        | 4 |  4.2
Polearms       | 4 |  4.1
Fighting       | |  3.8
Stealth        | |  2.0

Action                   |  1- 3 |  4- 6 || total
-------------------------+-------+-------++-------
Melee: Spear             |    75 |       ||    75
       Kick              |    20 |     5 ||    25
       Peck              |     7 |     3 ||    10
       Trident           |    28 |    30 ||    58
       Punch             |     1 |       ||     1
       Falchion          |       |     4 ||     4
  Use: Scroll            |       |     5 ||     5
 Stab: Sleeping          |     4 |     1 ||     5
Armor: Robe              |     7 |       ||     7
       Ring mail         |     8 |     2 ||    10
Dodge: Dodged            |    37 |    17 ||    54
